AoeStats
← Davy Jones

Arena

509387546Analyzed
4v4 RM · 7d ago on Sep 26, 2026· 49m 9s· 8 players
Game mode
Random Map
Map size
Large (8 player)
Population
200
Speed
Normal
Resources
Standard
Victory
Conquest
Starting age
Dark Age
Ending age
Imperial Age
RankedLock teamsTeams togetherTeam positionsShared explorationLock speedFull tech treeHidden civsTurbo modeCheats
Victory
Defeat
🇸🇰 Khmer · Slovakia
785
+14
🇨🇳 Franks · China
769
+15
🇸🇰 Persians · Slovakia
756
+15
🇩🇰 Portuguese · Denmark
653
+20
🇨🇭 Cumans · Switzerland
816
-19
🇦🇷 Lithuanians · Argentina
736
-16
🇨🇭 Poles · Switzerland
716
-15
🇹🇷 Varangians · Türkiye
702
-14
Jpaca98
0:42 Loom
12:36 Feudal Age
Mangosaftbirne
11:01 Feudal Age
15:45 Castle Age
15:09 Double-Bit Axe
29:03 Imperial Age
26:20 Loom
27:01 Fletching
27:12 Padded Archer Armor
27:41 Gold Mining
28:07 Steppe Husbandry
29:15 Ballistics
29:18 Bodkin Arrow
29:38 Leather Archer Armor
30:11 Parthian Tactics
30:09 Thumb Ring
31:09 Chemistry
31:51 Ring Archer Armor
32:07 Heavy Cavalry Archer
33:46 Wheelbarrow
33:52 Bloodlines
34:03 Horse Collar
36:12 Scale Barding Armor
37:06 Elite Kipchak
37:50 Cuman Mercenaries
40:20 Conscription
40:36 Bow Saw
40:28 Heavy Plow
40:31 Caravan
41:17 Pikeman
41:58 Squires
42:11 Forging
42:01 Scale Mail Armor
42:22 Chain Barding Armor
43:09 Gold Shaft Mining
43:00 Hand Cart
42:21 Halberdier
43:50 Chain Mail Armor
44:11 Iron Casting
49:08 Blast Furnace
48:38 Plate Mail Armor
48:43 Plate Barding Armor
CadLu
11:30 Feudal Age
16:43 Castle Age
14:46 Horse Collar
15:26 Double-Bit Axe
18:22 Heavy Plow
18:41 Bow Saw
22:54 Wheelbarrow
26:48 Masonry
29:35 Imperial Age
29:47 Squires
30:01 Forging
29:51 Scale Mail Armor
30:52 Crop Rotation
29:54 Pikeman
31:42 Chemistry
31:21 Iron Casting
30:38 Elite Obuch
32:21 Chain Mail Armor
34:48 Hand Cart
36:09 Cavalier
38:06 Blast Furnace
37:36 Plate Mail Armor
37:21 Pikeman
38:51 Siege Engineers
R A P T O R
14:33 Feudal Age
14:59 Town Watch
14:43 Man-at-Arms
15:06 Horse Collar
15:14 Double-Bit Axe
15:56 Arson
18:30 Wheelbarrow
22:34 Gold Mining
22:36 Stone Mining
23:26 Forging
23:16 Scale Mail Armor
27:59 Castle Age
26:35 Scale Barding Armor
28:48 Town Patrol
28:14 Long Swordsman
28:40 Gambesons
29:33 Iron Casting
29:13 Chain Mail Armor
30:07 Squires
30:56 Heavy Plow
31:07 Bow Saw
31:39 Chain Mail Armor
32:48 Caravan
33:48 Stone Shaft Mining
35:07 Pikeman
35:50 Pikeman
37:18 Padded Archer Armor
37:09 Fletching
37:17 Vendel Legacy
38:54 Bodkin Arrow
39:53 Chain Barding Armor
39:51 Leather Archer Armor
43:11 Imperial Age
Kosťo
1:34 Loom
12:35 Feudal Age
12:59 Double-Bit Axe
12:57 Horse Collar
15:45 Town Watch
16:35 Wheelbarrow
19:34 Castle Age
17:35 Gold Mining
19:28 Stone Mining
20:11 Bow Saw
20:21 Heavy Plow
21:59 Gold Shaft Mining
23:35 Caravan
30:47 Imperial Age
28:43 Forging
28:39 Scale Barding Armor
29:32 Hand Cart
31:24 Iron Casting
32:10 Chain Barding Armor
32:52 Blast Furnace
32:58 Crop Rotation
34:30 Plate Barding Armor
34:59 Husbandry
36:19 Bloodlines
35:31 Cavalier
35:37 Heavy Camel Rider
36:13 Fletching
37:28 Chemistry
38:06 Two-Man Saw
37:16 Town Patrol
39:16 Conscription
40:17 Bodkin Arrow
43:34 Kamandaran
48:38 Ballistics
Gobbor
0:43 Loom
10:14 Feudal Age
11:08 Double-Bit Axe
12:24 Horse Collar
16:16 Gold Mining
16:27 Stone Mining
22:38 Castle Age
23:42 Bow Saw
23:58 Caravan
26:00 Stone Shaft Mining
26:44 Wheelbarrow
29:37 Hand Cart
30:52 Man-at-Arms
31:45 Heavy Plow
32:24 Stone Shaft Mining
31:52 Gambesons
41:08 Imperial Age
41:37 Elite Organ Gun
42:19 Arquebus
42:40 Conscription
43:18 Siege Engineers
48:58 Crop Rotation
49:30 Two-Man Saw
Davy Jones
0:31 Loom
13:44 Feudal Age
15:02 Wheelbarrow
14:15 Double-Bit Axe
14:13 Horse Collar
16:39 Gold Mining
16:39 Stone Mining
21:52 Castle Age
22:54 Hand Cart
22:58 Heavy Plow
23:12 Bow Saw
23:40 Stone Shaft Mining
23:42 Gold Shaft Mining
31:18 Imperial Age
31:11 Town Watch
32:02 Double Crossbow
33:05 Heavy Scorpion
34:24 Ballistics
34:21 Fortified Wall
35:14 Siege Engineers
37:10 Chemistry
36:06 Murder Holes
36:52 Coinage
36:24 Caravan
37:49 Banking
story
5:27 Loom
10:14 Feudal Age
15:06 Castle Age
13:19 Double-Bit Axe
17:54 Bow Saw
26:38 Wheelbarrow
25:50 Town Watch
26:33 Town Patrol
30:00 Imperial Age
28:24 Hand Cart
30:16 Fortified Wall
31:01 Husbandry
30:21 Cavalier
31:10 Scale Barding Armor
31:16 Forging
32:09 Chemistry
31:17 Gold Mining
31:17 Stone Mining
32:39 Gold Shaft Mining
34:04 Conscription
33:46 Chivalry
34:46 Paladin
36:13 Chain Barding Armor
36:30 Iron Casting
35:54 Murder Holes
35:40 Treadmill Crane
36:21 Ballistics
39:24 Ordonnance Companies
39:25 Elite Throwing Axeman
40:41 Hoardings
40:43 Plate Barding Armor
41:09 Blast Furnace
40:01 Fletching
40:12 Padded Archer Armor
40:12 Scale Mail Armor
40:25 Masonry
42:55 Architecture
42:30 Siege Engineers
45:22 Light Cavalry
Connection lost

Rejoining the realm…

Still unreachable

The connection could not be restored.

Session expired

The server has moved on; the page needs a fresh start.